Cogmind - Beta 10.1 @@@ ROGUE MODE // 2020.10.02 @ 22:31:40 // Winter2019/RPGLIKE Player: kilohertz Result: Destroyed by G-34 Mercenary with Small Laser Performance ------------- Evolutions (0) 0 Regions Visited (2) 400 Robots Destroyed (7) 35 Value Destroyed (157) 157 Prototype IDs (0) 0 Alien Tech Used (0) 0 Bonus (0) 0 TOTAL SCORE: 592 Bonus ------- None Cogmind --------- Core Integrity 0/650 Matter 245/300 Energy 375/500 System Corruption 0% Temperature Cool (421) Movement Treading (160) Location -10/Mines Parts ------- > --- POWER (2) -------- Ion Engine > --- PROPULSION (2) --- Light Treads > --- UTILITY (2) ------ Medium Battery Targeting Computer > --- WEAPON (2) ------- Medium Laser Mining Laser > --- INVENTORY (2) ---- Structural Scanner Peak State ------------ > --- POWER ------------ Ion Engine > --- PROPULSION ------- Light Treads > --- UTILITY ---------- Medium Battery Structural Scanner > --- WEAPON ----------- Medium Laser Grenade Launcher > --- INVENTORY -------- Mining Laser [Rating: 6] Favorites ----------- Power Ion Engine Engine Ion Engine Propulsion Light Treads Treads Light Treads Utility Medium Battery Device Structural Scanner Storage Medium Battery Processor Targeting Computer Weapon Medium Laser Energy Gun Medium Laser Launcher Grenade Launcher Special Weapon Mining Laser Build | -11 -10 -10 ------- Run | Scr Mat Min Slots Evolved 4 | . 4 . Power 1 | . 1 . Propulsion 1 | . 1 . Utility 1 | . 1 . Weapon 1 | . 1 . Parts Attached 10 | 3 6 1 Power 1 | 1 . . Engine 1 | 1 . . Core . | . . . Reactor . | . . . Propulsion 1 | 1 . . Treads 1 | 1 . . Leg . | . . . Wheel . | . . . Hover . | . . . Flight . | . . . Utility 3 | . 3 . Device 1 | . 1 . Storage 1 | . 1 . Processor 1 | . 1 . Hackware . | . . . Protection . | . . . Artifact . | . . . Weapon 5 | 1 3 1 Energy Gun 3 | 1 2 . Energy Cannon . | . . . Ballistic Gun . | . . . Ballistic Cannon . | . . . Launcher 1 | . 1 . Special Weapon 1 | . . 1 Impact Weapon . | . . . Slashing Weapon . | . . . Piercing Weapon . | . . . Special Melee Weapon . | . . . Unidentified Prototypes . | . . . Parts Lost 1 | . . 1 Power . | . . . Propulsion . | . . . Utility . | . . . Weapon 1 | . . 1 Highest Loss Streak 1 | . . 1 Average Slot Usage (%) 72 | . 69 74 Engine 14 | . 16 12 Treads 14 | . 16 12 Storage 11 | . 11 12 Processor 5 | . . 12 Energy Gun 20 | . 17 24 Launcher 3 | . 5 . Naked Turns . | . . . Heaviest Build 13 | 7 13 11 Greatest Support 20 | 20 20 20 Greatest Overweight (x) 1 | 1 . . Average Overweight (x) . | . . . Largest Inventory Capacity 2 | . 2 2 Average Capacity 1 | . 1 2 Most Carried 2 | . 2 2 Average Carried . | . . 1 Final Capacity 2 | . 2 2 Final Carried 2 | . 2 1 Class Distribution -------------------- 100% | Mutant Dominant Class ---------------- Mutant | -10/Materials Mutant | -10/Mines Resources | -11 -10 -10 ----------- Run | Scr Mat Min Matter Collected 270 | 230 40 . Remotely . | . . . Salvage Created 72 | . 40 32 Parts 7 | . 1 6 Haulers Intercepted . | . . . Recyclers Shooed 1 | . . 1 Parts Field Recycled . | . . . Retrieved Matter . | . . . Parts Self-Destructed . | . . . Prevented . | . . . Kills | -11 -10 -10 ------- Run | Scr Mat Min Combat Hostiles Destroyed 5 | . 1 4 Guns 4 | . . 4 AOE 1 | . 1 . Classes Destroyed 4 | . 2 2 Worker 1 | . . 1 Builder 1 | . 1 . Swarmer 3 | . . 3 Grunt 2 | . 1 1 Best Kill Streak 5 | . 2 5 Combat Bots Only 4 | . 1 4 Max Kills in Single Turn 1 | . 1 1 Gunslinging . | . . . Exploded 1 | . 1 . Melee . | . . . Uniques/NPCs Destroyed . | . . . Combat | -11 -10 -10 -------- Run | Scr Mat Min Damage Taken 817 | . 115 702 Core 654 | . 93 561 Absorbed by Shields . | . . . Redirected to Core 509 | . 71 438 Core Remaining (%) 100 | 100 . . Volleys Fired 32 | 1 8 23 Largest 2 | 1 2 2 Hottest 100 | 50 90 100 Shots Fired 57 | 1 13 43 Gun 52 | 1 10 41 Cannon . | . . . Launcher 3 | . 3 . Special 2 | . . 2 Kinetic . | . . . Thermal 32 | 1 8 23 Explosive 3 | . 3 . Electromagnetic 22 | . 2 20 Robot Hit Streak 4 | . 4 2 Robot Miss Streak 3 | . 1 3 Penetration Max . | . . . Secondary Targets 1 | . . 1 Max Gunslinging Chain 1 | . . 1 Shots Hit Robots 22 | . 10 12 Core Hits 12 | . 5 7 Critical Hits . | . . . Critical Kills . | . . . Critical Parts Destroyed . | . . . Melee Attacks . | . . . Impact . | . . . Slashing . | . . . Piercing . | . . . Sneak Attacks . | . . . Combat Hostiles . | . . . Follow-up Attacks . | . . . Damage Inflicted 523 | . 294 229 Guns 288 | . 83 205 Cannons . | . . . Explosions 211 | . 211 . Melee . | . . . Ramming . | . . . Kinetic . | . . . Thermal 227 | . 63 164 Explosive 211 | . 211 . Electromagnetic 85 | . 20 65 Impact . | . . . Slashing . | . . . Piercing . | . . . Highest Corruption . | . . . Average Corruption . | . . . Corruption Purged . | . . . Overload Shots . | . . . Overflow Damage 19 | . 19 . Projectiles . | . . . Explosions 19 | . 19 . Melee . | . . . Knockbacks . | . . . Impact . | . . . Kinetic . | . . . Secondary . | . . . Self-Inflicted Damage 62 | . 62 . Shots 2 | . 2 . Rammed . | . . . Targets Rammed . | . . . Kicked . | . . . Crushed . | . . . Highest Temperature 528 | 10 79 528 Average Temperature 209 | 7 32 273 Received Heat Transfer 222 | . 30 192 Effects 9 | . . 9 Shutdowns 3 | . . 3 Energy Bleed 1 | . . 1 Interference 2 | . . 2 Short Circuit 1 | . . 1 Damage (major) 2 | . . 2 Siege Activations . | . . . Robots Corrupted . | . . . Combat Hostiles . | . . . Parts Fried . | . . . Impact Corruptions . | . . . Robots Melted . | . . . Combat Hostiles . | . . . Parts Melted . | . . . Heat Transferred 642 | . 185 457 Parts Sabotaged . | . . . Parts Stolen . | . . . Parts Stripped . | . . . Power Chain Reactions . | . . . Missiles Intercepted . | . . . Alert | -11 -10 -10 ------- Run | Scr Mat Min Peak Influence 100 | . 100 100 Initial . | . . . Average 7 | . 5 12 Maximum Alert Level . | . . . Low Security (%) 100 | 100 100 100 Level 1 . | . . . Level 2 . | . . . Level 3 . | . . . Level 4 . | . . . Level 5 . | . . . High Security . | . . . Max Security . | . . . Squads Dispatched 1 | . 1 . Investigation 1 | . 1 . Extermination . | . . . Reinforcement . | . . . Assault . | . . . Garrison . | . . . Intercept . | . . . Construction Impeded . | . . . Haulers Reinforced . | . . . Stealth | -11 -10 -10 --------- Run | Scr Mat Min Distress Signals 2 | . 2 . Communications Jammed . | . . . Distress Signals . | . . . Times Spotted 10 | . 5 5 Peak Tracking Total 3 | . 2 3 Tactical Retreats 1 | . 1 . Traps | -11 -10 -10 ------- Run | Scr Mat Min Traps Triggered 1 | . 1 . Indirectly . | . . . Trap Hack Attempts . | . . . Triggered . | . . . Disarmed . | . . . Reprogrammed . | . . . Reused . | . . . Traps Extracted . | . . . Installed . | . . . Triggered . | . . . Machines | -11 -10 -10 ---------- Run | Scr Mat Min Machines Disabled 4 | . 4 . Max in Single Turn 2 | . 2 . Machines Sabotaged . | . . . Garrisons Compromised . | . . . Overloaded Fab Kills . | . . . Fab Network Shutdowns . | . . . Hacking | -11 -10 -10 --------- Run | Scr Mat Min Machines Accessed . | . . . Terminals . | . . . Fabricators . | . . . Repair Stations . | . . . Recycling Units . | . . . Scanalyzers . | . . . Garrison Access . | . . . Total Hacks . | . . . Successful . | . . . Failed . | . . . Catastrophic . | . . . Database Lockouts . | . . . Manual . | . . . Terminals . | . . . Fabricators . | . . . Repair Stations . | . . . Recycling Units . | . . . Scanalyzers . | . . . Garrison Access . | . . . Terminal Hacks . | . . . Fabricator Hacks . | . . . Repair Station Hacks . | . . . Recycling Unit Hacks . | . . . Scanalyzer . | . . . Garrison Access Hacks . | . . . Unauthorized Hacks . | . . . Terminals . | . . . Fabricators . | . . . Repair Stations . | . . . Recycling Units . | . . . Scanalyzers . | . . . Garrison Access . | . . . Data Cores Recovered . | . . . Used . | . . . Hacking Detections . | . . . Full Trace Events . | . . . Feedback Events . | . . . Feedback Blocked . | . . . Robot Schematics Acquired . | . . . Robots Built . | . . . Matter . | . . . Time . | . . . Total Robot Build Rating . | . . . Part Schematics Acquired . | . . . Parts Built . | . . . Matter . | . . . Time . | . . . Total Part Build Rating . | . . . Parts Repaired . | . . . Time . | . . . Parts Recycled . | . . . Recycled Matter . | . . . Retrieved Matter . | . . . Retrieved Components . | . . . Parts Scanalyzed . | . . . Part Schematics Acquired . | . . . Parts Damaged . | . . . Bothacking | -11 -10 -10 ------------ Run | Scr Mat Min Used RIF Installer . | . . . Robots Hacked . | . . . Non-combat . | . . . Combat . | . . . Robot Hacks Applied . | . . . Relay Couplers Released . | . . . Robots Rewired . | . . . Allies Hacked . | . . . Hacks Repelled . | . . . Allies | -11 -10 -10 -------- Run | Scr Mat Min Total Allies . | . . . Largest Group . | . . . Highest-Rated Group . | . . . Highest-Rated Ally . | . . . Total Orders . | . . . Ally Attacks . | . . . Total Damage . | . . . Kills . | . . . Allies Corrupted . | . . . Allies Melted . | . . . Intel | -11 -10 -10 ------- Run | Scr Mat Min Robot Analysis Total . | . . . Derelict Logs Recovered 1 | . . 1 Drone Launches . | . . . Drone Recoveries . | . . . Exploration | -11 -10 -10 ------------- Run | Scr Mat Min Turns Passed 894 | 68 455 371 Spaces Moved 473 | 50 249 174 Core 17 | 17 . . Treads 456 | 33 249 174 Legs . | . . . Wheels . | . . . Hover . | . . . Flight . | . . . Fastest Speed 50 | 50 160 160 Average Speed 156 | 124 160 160 Slowest Speed 160 | 160 160 160 Overloaded Moves . | . . . Propulsion Burnouts . | . . . Robots Hopped . | . . . Cave-ins Triggered . | . . . Exploration Rate (%) 20 | 4 25 33 Regions Visited 2 Branch Regions 1 Pre-discovered Areas . | . . . Known Exits Taken . | . . . Unknown Exits Taken 2 | 1 1 . Scrap Searched . | . . . Spaces Dug . | . . . Terrain Destroyed 51 | . 51 . Melee . | . . . Projectile . | . . . AOE 51 | . 51 . Terrain Rammed . | . . . Walls Destroyed . | . . . Machines Disabled . | . . . Actions | -11 -10 -10 --------- Run | Scr Mat Min Total 564 | 53 292 219 Wait 45 | . 24 21 Move 471 | 49 248 174 Hop . | . . . Pick Up 5 | . 5 . Fast Attach 4 | 3 1 . Attach 4 | . 3 1 Detach . | . . . Swap 2 | . 2 . Drop 1 | . 1 . Fire 32 | 1 8 23 Melee . | . . . Ram . | . . . Kick . | . . . Crush . | . . . Escape Stasis . | . . . Rewire . | . . . Trap . | . . . Miscellaneous . | . . . Route ------- -11/Scrapyard -10/Materials -10/Mines History --------- Turn | Location | Event 11 | -11/Scrapyard | Discovered new exit (range 16) 69 | -11/Scrapyard | Entered Materials 219 | -10/Materials | Upgraded with Power slot (x1) 219 | -10/Materials | Upgraded with Propulsion slot (x1) 219 | -10/Materials | Upgraded with Utility slot (x1) 219 | -10/Materials | Upgraded with Weapon slot (x1) 303 | -10/Materials | Build established: Mutant 498 | -10/Materials | Discovered new exit (range 15) 524 | -10/Materials | Entered Mines 592 | -10/Mines | Learned Materials terminal intel 850 | -10/Mines | Core integrity fell below 50% 870 | -10/Mines | Core integrity fell below 20% 895 | -10/Mines | Destroyed by G-34 Mercenary with Small Laser Last Messages --------------- 00867_ R-06 Scavenger collects Imp. Heat Sink. 00870_ K-01 Serf collects debris. 00871_ R-06 Scavenger collects Lgt. Nuclear Core. 00873_ Overheating: Energy bleed (-97). 00874_ Power failure, Ion Engine shutdown. 00874_ Overheating: Broken Targeting Computer damaged (-5). 00874_ Overheating: Ion Engine damaged (-19). 00874_ K-01 Serf collects debris. 00874_ S-10 Pest destroyed. 00875_ EM Pulse Gun destroyed. 00877_ K-01 Serf collects debris. 00879_ Overheating: System interference. 00879_ Med. Laser temporarily disabled. 00882_ K-01 Serf collects debris. 00883_ Power failure, Ion Engine shutdown. 00886_ K-01 Serf collects debris. 00886_ K-01 Serf destroyed. 00890_ Overheating: System interference. 00890_ Mining Laser temporarily disabled. 00891_ Protomatter-57 decays. Map ----- +----------------------------------------------------+ | ?????????????????????????????????????????????????? | | ?????????????????????????????????????????????????? | | ?????????????????????????????????????????????????? | | ?????????????????????????????????????????????????? | | ?????????????????????????????????????????????????? | | ?????????????????????????????????????????????????? | | ?????????????????????????????????????????????????? | | ?????????????????????????????????????????????????? | | ?????????????????????????????????????????????????? | | ?????????????????????????????????????????????????? | | ?????????????????????????????????????????????????? | | ?????????????????????????????????????????????????? | | ?????????????????????????????????????????????????? | | ?????????????????????????????????????????????????? | | ?????????????????????????????????????????????????? | | ????????????????????????########## #???????????? | | ????????????????????????# #???????? | | ????????????????????????# ###### ???????? | | ????????????????????????# #?????????????????????? | | ?????????????????????#### #?????????????????????? | | ??????????????######## ###???????????????????? | | ??????????????# %%g =##??????????????????? | | ??????????????# ##### == #??????????????????? | | ????????????????????## #??????????????????? | | ?????????????????????## ##??????????????????? | | ??????????????????????# @ #???????????????????? | | ??????????????????????# #???????????????????? | | ?????????????????????## ##???????????????????? | | ????? ????????????## #????????????????????? | | ???? ######### #????????????????????? | | ???? ##????????????????????? | | ???? ##?????????????????????? | | ???? ######### r ####??????????????????????? | | ?????????????????## ##?????????????????????????? | | ????????????????## ##??????????????????????????? | | ???????????????## ##???????????????????????????? | | ??????????????## #????????????????????????????? | | ??????????????# #????????????????????????????? | | ??????????????# ##?????? ????????????????????? | | ??????????????# #?????? "???????????????????? | | ??????????????## ##????? ""??????????????????? | | ???????????????## ##????# ???????????????????? | | ????????????????# ##???# ???????????????????? | | ????????????????# ##??# #???????????????????? | | ???????????????## #??# #???????????????????? | | ?????????????### #??# #???????????????????? | | ????????????## ##??# #???????????????????? | | ????????????# ##??## #####???????????????? | | ?????#####??# ###??## ## ##??????????????? | | ????## ##?# ##???## ##?????????????? | +----------------------------------------------------+ Best States ------------- Heat Dissipation 25 Energy Generation 10 Energy Capacity 500 Matter Stores 300 Matter Capacity 300 Sight Range 16 Terrain Scan Density 10 Evasion (%) 50 Targeting Accuracy 5 Recoil Reduction 1 Item Schematics ----------------- None Robot Schematics ------------------ None Fabricated ------------ Nothing Alien Tech Used ----------------- None Achievements -------------- None Challenges ------------ None RPGLIKE | -11 -10 -10 --------- Run | Scr Mat Min Levels Raised . | . . . XP Earned 4400 | 3000 400 1000 XP Spent 2975 | . 2975 . Upgrades 8 | . 8 . Power Slot 1 | . 1 . Propulsion Slot 1 | . 1 . Utility Slot 1 | . 1 . Weapon Slot 1 | . 1 . Core Integrity 1 | . 1 . Energy Storage 1 | . 1 . Inventory Capacity 2 | . 2 . Protomatter Created 73 | . . 73 Protomatter Decayed 73 | . . 73 Game ------ Seed WeldingSpikedHumpback Manual? 0 Play Time 00:14:23 Cumulative 3.9 hours Start 2020.10.02 @ 22:19:58 End 2020.10.02 @ 22:31:40 Sessions 1 Manual Loads 0 Difficulty Rogue Special Mode Winter2019/RPGLIKE Game No. 12 Rogue 12 Adventurer 0 Explorer 0 Win Type - Total 0 Types 0/0/0/0/0/0/0/0/0 Lore% 5 Gallery% 9 Achievement% 7 Wizard Run 0 Options --------- ASCII 0 Keyboard 0 Movement Mouse Keybinds 0 Fullscreen 2 Font 16/Terminus Map View 76x50 Tactical HUD 1 Map Filters NONE Filters NONE Steam 1 RUN: 3858aebe-9cd4-4222-9fc6-7e61b6d619c6